 Dungeon Crawl Stone Soup version 0.30.1 (webtiles) character file.

Game seed: 17649628311789622946

571 Sabo the Chopper (level 7, -2/43 (52) HPs)
             Began as a Demonspawn Gladiator on July 13, 2023.
             Was an Initiate of Ashenzari.
             Slain by a wight
             ... wielding a +0 hand axe
              (5 damage)
             ... on level 5 of the Dungeon.
             The game lasted 00:23:04 (4337 turns).

Sabo the Chopper (Demonspawn Gladiator)             Turns: 4337, Time: 00:23:04

HP:   -2/43 (52)    AC: 15    Str: 17    XL:     7   Next: 11%
MP:   7/7           EV:  9    Int:  9    God:    Ashenzari [......]
Gold: 324           SH:  0    Dex: 20    Spells: 6/6 levels left

rFire   . . .        q - +1 hand axe (heavy)
rCold   . . .        (no shield)
rNeg    . . .        v - +0 chain mail
rPois   +            c - +0 helmet
rElec   .            (no cloak)
rCorr   .            j - +1 pair of gloves
SInv    .            x - +0 pair of boots
Will    .....        (no amulet) Stlth
                     z - +6 ring of dexterity
HPRegen 0.27/turn    k - ring of poison resistance
MPRegen 0.10/turn

%: no passive effects
@: heavily drained
A: molten scales 1, foul stench 2, powered by pain 1
a: Renounce Religion, Curse Item


You were on level 5 of the Dungeon.
You worshipped Ashenzari.
Ashenzari was noncommittal.
You visited 1 branch of the dungeon, and saw 5 of its levels.

You collected 324 gold pieces.

Inventory:

Hand Weapons
 a - a +0 war axe
 i - a +0 sling
 q - a +1 heavy hand axe (weapon)
Missiles
 d - 3 throwing nets
 e - a javelin
 l - 10 poisoned darts (quivered)
Armour
 c - a +0 helmet (worn)
 j - a +1 pair of gloves (worn)
 v - a +0 chain mail (worn)
 x - a +0 pair of boots (worn)
 C - a +3 leather armour of fire resistance
Jewellery
 k - a ring of poison resistance (right hand)
 t - a ring of protection from cold
 z - a +6 ring of dexterity (left hand)
Wands
 m - a wand of digging (4)
Scrolls
 n - a scroll of magic mapping {unknown}
 s - a scroll of fog {unknown}
 u - a scroll of teleportation
 y - a scroll of silence
 A - a scroll of acquirement {unknown}
Potions
 b - a potion of magic {unknown}
 f - 2 potions of curing
 g - a potion of lignification {unknown}
 h - 2 potions of brilliance {unknown}
 o - a potion of attraction {unknown}
 p - 2 potions of cancellation
 r - a potion of resistance {unknown}
 w - 3 potions of might {unknown}
 B - a potion of berserk rage {unknown}


   Skills:
 + Level 3.3 Fighting
 + Level 5.5 Axes
 + Level 1.8 Throwing
 + Level 3.3 Armour
 + Level 3.5 Dodging


You had 6 spell levels left.
You didn't know any spells.
Your spell library contained the following spells:

 Spells                   Type           Power      Damage    Failure   Level
 Apportation              Tloc           0%         N/A       99%         1
 Necrotise                Necr           0%         1d4       99%         1
 Shock                    Conj/Air       0%         1d3       99%         1
 Summon Small Mammal      Summ           0%         N/A       99%         1
 Cigotuvi's Dreadful Rot  Necr/Pois/Air  0%         N/A       99%         2
 Swiftness                Air            0%         N/A       100%        3
 Vhi's Electric Charge    Tloc/Air       0%         N/A       100%        3
 Airstrike                Air            0%         2d(0-16)  100%        4
 Dispel Undead            Necr           0%         3d6       100%        4
 Alistair's Intoxication  Tmut/Pois      0%         N/A       100%        5
 Arcjolt                  Conj/Air       0%         1d10      100%        5
 Death Channel            Necr           0%         N/A       100%        6
 Maxwell's Capacitive Co  Air            0%         ∞         100%        8


Dungeon Overview and Level Annotations

Branches:
Dungeon (5/15)
 Temple: D:4-7

Altars:
Ashenzari
Dithmenos
Xom


Innate Abilities, Weirdness & Mutations

You are partially covered in molten scales. (AC +2)
You sometimes emit foul miasma when damaged in melee.
You sometimes gain a little power by taking damage.


Message History

You hit the wight.
The wight is lightly damaged.
The wight hits you with a +0 hand axe.
You feel drained.
You emit a cloud of foul miasma!
The wight hits you from afar with a +1 halberd!
You feel drained. The wight closely misses you.
The wight hits you from afar with a +1 halberd!
You feel drained.
You closely miss the wight.
The wight is lightly damaged.
The wight hits you but does no damage. x2
You hit the wight.
The wight is moderately damaged.
The wight hits you but does no damage.
The wight hits you from afar with a +1 halberd.
The wight barely misses you.
The wight hits you from afar with a +1 halberd!
* * * LOW HITPOINT WARNING * * *
You feel drained.
* * * LOW HITPOINT WARNING * * *
Ashenzari invites you to partake of a vision and a curse of melee combat and introspection.
You feel better. The wight hits you with a +0 hand axe.
* * * LOW HITPOINT WARNING * * *
You feel drained.
* * * LOW HITPOINT WARNING * * *
The wight barely misses you.
You barely miss the wight.
The wight is moderately damaged.
The wight hits you with a +0 hand axe.
* * * LOW HITPOINT WARNING * * *
You feel drained. The wight barely misses you.
You hit the wight.
The wight is heavily damaged.
The wight closely misses you.
The wight hits you from afar with a +1 halberd!
* * * LOW HITPOINT WARNING * * *
You feel drained.
* * * LOW HITPOINT WARNING * * *
The wight barely misses you. The wight hits you with a +0 hand axe.
You die...

#...........#
###....<.####
##...### .
##..# ..
#...# #..#
##..##
##...#...#
#........#
..>....@##
.......z#
.....z...
..........
.....#.....
....##..####
.... ...# ...
..##


You could see 2 wights.

Vanquished Creatures
  Edmund (D:4)
  A black bear (D:4)
  A scorpion (D:4)
  A hound (D:4)
  5 iguanas
  Ijyb (D:4)
  3 adders
  A white imp (D:4)
  5 worms
  2 dart slugs
  An orc (D:3)
  2 bats
  7 endoplasms
  A giant cockroach (D:1)
  5 goblins
  7 hobgoblins
  2 quokkas
  12 ball pythons
  2 frilled lizards
  8 kobolds
  10 rats
78 creatures vanquished.

Notes
Turn   | Place    | Note
-------+----------+-------------------------------------------
     0 | D:1      | Sabo the Demonspawn Gladiator began the quest for the Orb.
     0 | D:1      | Reached XP level 1. HP: 16/16 MP: 1/1
   131 | D:1      | Gained mutation: You sometimes gain a little power by
                  | taking damage. [demonic ancestry]
   131 | D:1      | Reached XP level 2. HP: 18/22 MP: 2/2
   199 | D:1      | Reached skill level 3 in Axes
   569 | D:1      | Reached XP level 3. HP: 25/28 MP: 3/3
   996 | D:2      | Reached skill level 1 in Armour
  1855 | D:3      | Gained mutation: You may rarely emit foul miasma when
                  | damaged in melee. [demonic ancestry]
  1855 | D:3      | Reached XP level 4. HP: 34/34 MP: 4/4
  2386 | D:3      | Reached skill level 4 in Axes
  2952 | D:4      | Found a shadowy altar of Dithmenos.
  2956 | D:4      | Noticed Edmund
  2962 | D:4      | Killed Edmund
  2963 | D:4      | Gained mutation: You sometimes emit foul miasma when
                  | damaged in melee. [demonic ancestry]
  2963 | D:4      | Reached XP level 5. HP: 29/39 MP: 5/5
  3064 | D:4      | Gained mutation: You are partially covered in molten
                  | scales. (AC +2) [demonic ancestry]
  3064 | D:4      | Reached XP level 6. HP: 37/46 MP: 6/6
  3232 | D:4      | Reached skill level 5 in Axes
  3406 | D:4      | Reached XP level 7. HP: 44/52 MP: 7/7
  3486 | D:4      | Found a broken altar of Ashenzari.
  3539 | D:4      | Noticed Ijyb
  3545 | D:4      | Killed Ijyb
  3722 | D:4      | Became a worshipper of Ashenzari the Shackled
  4034 | D:5      | Entered Level 5 of the Dungeon
  4049 | D:5      | Found a shimmering altar of Xom.
  4337 | D:5      | Slain by a wight

Illustrated notes

Levels and vault maps discovered:
D:1:      dpeg_arrival_fog, layout_rooms, serial_glass, glass_columns_b,
          glass_columns_c, hangedman_decor_push, hex_tiny,
          minmay_rat_gold_closets
D:2:      layout_basic, serial_bayou, serial_bayou_crossing,
          serial_bayou_pond_b, serial_bayou_shore_b, serial_bayou_shore_b
D:3:      layout_basic
D:4:      layout_rooms, nicolae_ashenzari_panopticon,
          nicolae_dithmenos_shadow_blocks, nicolae_titane, uniq_edmund,
          uniq_ijyb
D:5:      layout_layer_cave, amcnicky_altar_gilded, uniq_eustachio

Skill      XL: |  1  2  3  4  5  6 |
---------------+-------------------+-----
Axes           | 3 4 5 |  5.5
Dodging        | 3 |  3.5
Armour         | 1 2 3 |  3.3
Fighting       | 3 |  3.3
Throwing       | |  1.8

Action                     |  1- 3 |  4- 6 |  7- 9 || total
---------------------------+-------+-------+-------++-------
  Melee: War axe           |    71 |       |       ||    71
         Hand axe          |    39 |    93 |    23 ||   155
  Throw: Dart              |       |     1 |       ||     1
    Use: Scroll            |     3 |     3 |     3 ||     9
         Potion            |       |       |     1 ||     1
 Armour: Ring mail         |    45 |    20 |       ||    65
         Leather armour    |     2 |       |       ||     2
         Chain mail        |       |    47 |    19 ||    66
  Dodge: Dodged            |    76 |    68 |    12 ||   156
